 Dungeon Crawl Stone Soup version 0.29-a0-542-g075992c915 (webtiles) character file.

Game seed: 8742869806828988002

723 Bruhh the Grappler (level 7, -4/62 HPs)
             Began as a Troll Gladiator on June 3, 2022.
             Was a Believer of Okawaru.
             Slain by a gnoll
             ... wielding a +0 halberd
              (5 damage)
             ... on level 5 of the Dungeon.
             The game lasted 00:06:25 (3660 turns).

Bruhh the Grappler (Troll Gladiator)                Turns: 3660, Time: 00:06:27

Health: -4/62      AC:  5    Str: 25    XL:     7   Next: 43%
Magic:  6/6        EV: 10    Int:  4    God:    Okawaru [**....]
Gold:   241        SH:  0    Dex: 11    Spells: 6/6 levels left

rFire   . . .      SeeInvis .     - Unarmed
rCold   . . .      Faith    .   (no shield)
rNeg    . . .      Spirit   .   a - +0 robe
rPois   +          Reflect  .   b - +0 hat
rElec   .          Harm     .   u - +0 cloak
rCorr   .          Rampage  .   (gloves unavailable)
Will    +....                   (boots unavailable)
Stlth   +.........              (no amulet)
HPRegen 1.00/turn               j - ring of willpower
MPRegen 0.10/turn               v - ring of poison resistance

@: no status effects
A: large, unfitting armour, claws 3, regeneration 1, shaggy fur 1, tough skin 1
a: Renounce Religion, Heroism


You were on level 5 of the Dungeon.
You worshipped Okawaru.
Okawaru was pleased with you.
You visited 1 branch of the dungeon, and saw 5 of its levels.

You collected 241 gold pieces.

Inventory:

Missiles
 c - 4 throwing nets (quivered)
 r - 7 poisoned darts
 y - 6 large rocks
Armour
 a - a +0 robe (worn)
 b - a +0 hat (worn)
 u - a +0 cloak (worn)
 w - a +0 buckler
Jewellery
 d - a +6 ring of intelligence
 j - a ring of willpower (left claw)
 p - a ring of positive energy
 v - a ring of poison resistance (right claw)
Scrolls
 f - 2 scrolls of magic mapping {unknown}
 g - 5 scrolls of identify {unknown}
 h - 3 scrolls of fog {unknown}
 i - 3 scrolls of teleportation {unknown}
 m - 2 scrolls of vulnerability {unknown}
 o - 2 scrolls of poison {unknown}
 s - a scroll of brand weapon {unknown}
 x - a scroll of enchant weapon {unknown}
 B - a scroll of immolation {unknown}
Potions
 e - a potion of cancellation {unknown}
 k - 2 potions of attraction {unknown}
 l - 2 potions of lignification {unknown}
 n - 2 potions of curing
 q - a potion of brilliance {unknown}
 t - a potion of magic {unknown}
 z - 2 potions of heal wounds {unknown}
 A - a potion of mutation {unknown}


   Skills:
 - Level 1.5 Fighting
 - Level 1.7 Throwing
 - Level 2.4 Dodging
 + Level 8.8 Unarmed Combat


You had 6 spell levels left.
You didn't know any spells.
Your spell library contained the following spells:

 Spells                   Type           Power      Damage    Failure   Level
 Sublimation of Blood     Necr           0%         N/A       65%         2
 Ignite Poison            Fire/Tmut/Pois 0%         N/A       86%         3
 Mephitic Cloud           Conj/Pois/Air  0%         N/A       86%         3
 Petrify                  Tmut/Erth      0%         N/A       99%         4
 Freezing Cloud           Conj/Ice/Air   0%         6-21      100%        5
 Irradiate                Conj/Tmut      0%         3d13      100%        5


Dungeon Overview and Level Annotations

Branches:
Dungeon (5/15)
 Temple: D:4-7

Altars:
Okawaru
Ru
Uskayaw


Innate Abilities, Weirdness & Mutations

You are too large for most types of armour.
You have claws for hands.
Your natural rate of healing is unusually fast.
You are covered in fur. (AC +1)
You have tough skin. (AC +1)


Message History

Found a sacrificial altar of Ru.
Found an escape hatch in the floor. 2 gnolls come into view.
The gnoll shouts!
The gnoll moves out of view.
A gnoll comes into view. It is wielding a +0 halberd.
The gnoll shouts! x2
The gnoll hits you from afar with a +0 halberd.
You scratch the gnoll.
The gnoll is heavily wounded.
The gnoll hits you with a +0 flail.
The gnoll hits you from afar with a +0 halberd!
The gnoll hits you but does no damage.
You barely miss the gnoll.
The gnoll is heavily wounded.
The gnoll barely misses you. x2; The gnoll closely misses you.
You scratch the gnoll.
The gnoll is almost dead.
Unknown command.
You closely miss the gnoll.
The gnoll is almost dead.
The gnoll closely misses you. The gnoll hits you but does no damage.
The gnoll hits you from afar with a +0 halberd.
You mangle the gnoll!!
You kill the gnoll!
Okawaru accepts your kill. The gnoll hits you but does no damage.
The gnoll closely misses you. The gnoll barely misses you.
The gnoll hits you with a +0 halberd.
You barely miss the gnoll.
The gnoll hits you with a +0 halberd! x2
You closely miss the gnoll. The gnoll hits you with a +0 halberd!
The gnoll closely misses you.
You are too injured to fight recklessly!
You are too injured to fight recklessly!
The gnoll attacks as you move away! The gnoll hits you with a +0 halberd.
The gnoll attacks as you move away! The gnoll hits you with a +0 halberd!
* * * LOW HITPOINT WARNING * * *
The gnoll hits you from afar with a +0 halberd!
* * * LOW HITPOINT WARNING * * *
The gnoll hits you from afar with a +0 halberd.
You die...

#.≈≈>_§≈..#
#.≈≈8.§§..#
#.≈≈§≈≈≈..#
#.≈≈≈≈≈≈..#
#.........#
###..###..#
##.### ##.#
#..# ###
#)@# #..#
#.gg...#
#...####
....#
....##
.####. ## .
#


You could see 2 gnolls.

Vanquished Creatures
  Grinder (D:3)
  An ogre (D:5)
  A necrophage (D:5)
  A scorpion (D:4)
  An orc priest (D:4)
  2 hounds
  Crazy Yiuf (D:3)
  An orc wizard (D:3)
  4 adders
  6 gnolls
  A shadow imp (D:5)
  A worm (D:2)
  2 dart slugs (D:2)
  5 orcs
  4 ball pythons
  9 bats
  3 endoplasms (D:2)
  A giant cockroach (D:4)
  2 goblins
  10 hobgoblins
  5 jackals (D:1)
  2 quokkas (D:4)
  5 frilled lizards
  11 kobolds
  10 rats
90 creatures vanquished.

Notes
Turn   | Place    | Note
-------+----------+-------------------------------------------
     0 | D:1      | Bruhh the Troll Gladiator began the quest for the Orb.
     0 | D:1      | Reached XP level 1. HP: 19/19 MP: 0/0
   203 | D:1      | Reached XP level 2. HP: 24/27 MP: 1/1
   381 | D:1      | Found a faded altar of an unknown god.
   597 | D:1      | Reached skill level 4 in Unarmed Combat
   743 | D:2      | Reached XP level 3. HP: 33/33 MP: 2/2
   864 | D:2      | Found an iron altar of Okawaru.
   880 | D:2      | Became a worshipper of Warmaster Okawaru
  1137 | D:2      | Reached XP level 4. HP: 41/41 MP: 3/3
  1152 | D:2      | Reached skill level 5 in Unarmed Combat
  1301 | D:3      | Noticed Grinder
  1461 | D:3      | Found a runed translucent door.
  1462 | D:3      | Noticed Crazy Yiuf
  1895 | D:3      | Killed Grinder
  1895 | D:3      | Reached * piety under Okawaru
  1896 | D:3      | Reached skill level 7 in Unarmed Combat
  1896 | D:3      | Reached XP level 5. HP: 39/48 MP: 4/4
  1896 | D:3      | Reached XP level 6. HP: 45/55 MP: 5/5
  2264 | D:3      | Killed Crazy Yiuf
  2475 | D:4      | Found a hide-covered altar of Uskayaw.
  2907 | D:4      | Reached skill level 8 in Unarmed Combat
  2909 | D:4      | Reached XP level 7. HP: 52/62 MP: 6/6
  3365 | D:5      | Entered Level 5 of the Dungeon
  3509 | D:5      | Reached ** piety under Okawaru
  3632 | D:5      | Found a sacrificial altar of Ru.
  3660 | D:5      | HP: 1/62 [gnoll/+0 halberd (13)]
  3660 | D:5      | Slain by a gnoll

Illustrated notes

Levels and vault maps discovered:
D:1:      erik_arrival_orb_chamber, layout_basic, basic_ecumenical_altar
D:2:      layout_loops_ring, basic_altar, kennysheep_another_room,
          corner_web_ring, minmay_close_crescents
D:3:      wander_river, layout_rooms, nicolae_figureground_pulse,
          uniq_crazy_yiuf_cottage, uniq_grinder
D:4:      layout_loops_corners, nicolae_uskayaw_murder_on_the_dancefloor,
          lightli_ossuary_entry_decrepit_ruins, nrook_loot_triangle
D:5:      layout_layer_cave, mainiacjoe_overflow_24_doors,
          general_overflow_altar, mainiacjoe_overflow_alcove_2

Skill      XL: |  1  2  3  4  5  6 |
---------------+-------------------+-----
Unarmed Combat | 4 7 8 |  8.8
Fighting       | |  1.5
Throwing       | |  1.7
Dodging        | |  2.4

Action                   |  1- 3 |  4- 6 |  7- 9 || total
-------------------------+-------+-------+-------++-------
Melee: Unarmed           |    95 |   105 |    32 ||   232
       Punch             |     3 |     4 |     1 ||     8
Throw: Dart              |       |     3 |       ||     3
       Large rock        |       |     1 |       ||     1
  Use: Potion            |       |     1 |       ||     1
 Stab: Sleeping          |     1 |       |       ||     1
Armor: Robe              |    41 |    21 |     7 ||    69
Dodge: Dodged            |    60 |    50 |    18 ||   128

Table legend: (Time is in decaauts)
 A = Elapsed time spent in this place.
 B = Non-inter-level travel time spent in this place.
 C = Inter-level travel time spent in this place.
 D = Time resting spent in this place.
 E = Time spent auto-exploring this place.
 F = Levels seen in this place.
 G = Mean time per level.
                   A        B        C        D        E       F      G
               +--------+--------+--------+--------+--------+-----+--------+
         Total |   3673 |   3534 |    139 |    213 |   2466 |   5 |  734.6 |
       Dungeon |   3673 |   3534 |    139 |    213 |   2466 |   5 |  734.6 |
               +--------+--------+--------+--------+--------+-----+--------+

Top non-repeatable levels by time:
     D:4: 1047 daAuts
     D:3: 893 daAuts
     D:2: 803 daAuts
     D:1: 660 daAuts
     D:5: 268 daAuts
